 Dungeon Crawl Stone Soup version 0.27-a0-590-g94244163b4 (webtiles) character file.

Game seed: 13058131721539279772

485 kae the Ruffian (level 7, -6/55 (61) HPs)
             Began as a Naga Transmuter on Mar 10, 2021.
             Mangled by a wight
             ... wielding a +5 long sword
              (8 damage)
             ... on level 4 of the Dungeon.
             The game lasted 00:03:44 (4466 turns).

kae the Ruffian (Naga Transmuter)                   Turns: 4466, Time: 00:03:44

HP:   -6/55 (61)    AC:  2    Str: 14    XL:     7   Next: 13%
MP:   8/11          EV: 19    Int: 13    God:
Gold: 144           SH:  0    Dex: 17    Spells: 7/11 levels left

rFire    . . .     SeeInvis +     - Unarmed
rCold    . . .     Faith    .   (shield currently unavailable)
rNeg     . . .     Spirit   .   (armour currently unavailable)
rPois    x         Reflect  .   (helmet currently unavailable)
rElec    .         Harm     .   (cloak currently unavailable)
rCorr    .         Rampage  .   (gloves currently unavailable)
Will     .....                  (no barding)
Stlth    ++........             (no amulet)
HPRegen  0.18/turn              (no ring)
MPRegen  0.12/turn              (no ring)

@: spider-form (expiring), drained
A: tiny, see invisible, spit poison 1, AC +2
a: Spit Poison, End Transformation


You were on level 4 of the Dungeon.
You were a venomous arachnid creature.
You visited 1 branch of the dungeon, and saw 4 of its levels.

You collected 144 gold pieces.

Inventory:

Armour
 a - a +0 robe (melded)
 i - a +2 pair of gloves (melded)
Jewellery
 c - a +6 ring of dexterity
Scrolls
 b - 3 scrolls of teleportation
 g - a scroll of blinking
Potions
 d - 3 potions of magic
 f - 2 potions of attraction


   Skills:
 + Level 2.7 Fighting
 + Level 2.5 Dodging
 * Level 4.7 Unarmed Combat
 + Level 2.9 Spellcasting
 * Level 3.9 Transmutations
 - Level 3.0 Poison Magic


You had 7 spell levels left.
You knew the following spells:

 Your Spells              Type           Power      Damage    Failure   Level
a - Beastly Appendage     Tmut           24%        N/A       14%         1
b - Spider Form           Tmut/Pois      5%         N/A       36%         3

Your spell library contained the following spells:

 Spells                   Type           Power      Damage    Failure   Level
 Wereblood                Tmut           12%        N/A       19%         2
 Ice Form                 Ice/Tmut       7%         N/A       87%         4
 Blade Hands              Tmut           6%         N/A       90%         5


Dungeon Overview and Level Annotations

Branches:
Dungeon (4/15)
 Temple: D:4-7

Altars:


Innate Abilities, Weirdness & Mutations

((Your serpentine skin is tough. (AC +2)))
You have supernaturally acute eyesight. (SInv)
((Armour fits poorly on your strangely shaped body.))
((Your system is resistant to poisons. (rPois)))
((You cover ground very slowly.))
You can spit poison.
((You have a snake-like lower body.))


Message History

The wight is lightly damaged.
You bite the wight!
The wight is severely damaged.
The wight completely misses you.
You hit the wight.
You destroy the wight!
Things that are here:
a +0 halberd; a +0 robe A wight comes into view.
It is wielding a +5 long sword.
Found a quarterstaff.
You see here a glowing pink potion.
You hit the wight but do no damage.
The wight hits you with a +5 long sword!
* * * LOW HITPOINT WARNING * * *
You feel drained.
* * * LOW HITPOINT WARNING * * *
You hit the wight.
The wight is lightly damaged.
You feel better. The wight misses you.
You bite the wight!
The wight is severely damaged.
The wight hits you with a +5 long sword!
* * * LOW HITPOINT WARNING * * *
You feel drained.
You hit the wight but do no damage.
The wight is severely damaged.
The wight barely misses you.
You hit the wight but do no damage.
The wight is severely damaged.
The wight misses you.
You barely miss the wight.
The wight is severely damaged.
Your transformation is almost over.
You completely miss the wight.
The wight is severely damaged.
The wight barely misses you.
You barely miss the wight.
The wight is severely damaged.
The wight hits you with a +5 long sword!
You die...

## .# .# .#####
#######
.....#######.....#
#####.......)).#)#
♣ ########.#)#.# .
#.#..s# ♣. #.##.z#
.♣ #.##$.# ♣
#.....# ####.##
... #.# ..#


You could see a wight.

Vanquished Creatures
  A sky beast (D:3)
  An ogre (D:4)
  3 wights (D:4)
  2 worker ants (D:3)
  4 adders
  An ooze (D:2)
  2 adder skeletons
  3 dart slugs
  2 leopard geckos (D:2)
  13 orcs
  2 giant cockroaches (D:3)
  9 goblins
  5 hobgoblins
  12 kobolds
  2 quokkas (D:3)
  2 ball pythons
  5 bats
  4 frilled lizards
  12 rats
85 creatures vanquished.

Notes
Turn   | Place    | Note
-------+----------+-------------------------------------------
     0 | D:1      | kae the Naga Transmuter began the quest for the Orb.
     0 | D:1      | Reached XP level 1. HP: 18/18 MP: 3/3
   595 | D:1      | Reached XP level 2. HP: 21/25 MP: 1/5
  1448 | D:1      | Reached XP level 3. HP: 29/31 MP: 4/6
  1981 | D:2      | Learned a level 3 spell: Spider Form
  2584 | D:2      | Reached XP level 4. HP: 38/38 MP: 7/7
  2690 | D:2      | You fall into a shaft and drop 1 floor!
  2711 | D:3      | Reached skill level 1 in Poison Magic
  3066 | D:3      | Reached XP level 5. HP: 32/45 MP: 5/8
  3352 | D:3      | Reached skill level 4 in Unarmed Combat
  3653 | D:3      | Noticed a sky beast
  3664 | D:3      | Killed a sky beast
  3665 | D:3      | Reached XP level 6. HP: 12/52 MP: 6/9
  4440 | D:4      | Reached XP level 7. HP: 23/61 MP: 8/11
  4458 | D:4      | HP: 2/57 [wight/+5 long sword (2)]
  4466 | D:4      | Mangled by a wight

Illustrated notes

Levels and vault maps discovered:
D:1:      giann_forest_graveyard, layout_loops_ring, hex_medium
D:2:      layout_loops_ring, minmay_hexomino_u4
D:3:      layout_rooms, roderic_malta_cross
D:4:      kb_forest_paths, layout_loops_cross, grunt_temple_overflow_open,
          nicolae_ossuary_entry_catacombs

Skill      XL: |  1  2  3  4  5  6 |
---------------+-------------------+-----
Poison Magic   | 1 2 3 |  3.0
Dodging        | 2 |  2.5
Transmutations | 3 |  3.9
Unarmed Combat | 4 |  4.7
Fighting       | 2 |  2.7
Spellcasting   | |  2.9

Action                   |  1- 3 |  4- 6 |  7- 9 || total
-------------------------+-------+-------+-------++-------
Melee: Unarmed           |   137 |   136 |    13 ||   286
       Headbutt          |     8 |     3 |       ||    11
       Punch             |     2 |     2 |       ||     4
 Cast: Beastly Appendage |    19 |    10 |       ||    29
       Spider Form       |     1 |     7 |     1 ||     9
 Abil: Spit Poison       |    23 |    18 |       ||    41
  Use: Scroll            |       |     5 |       ||     5
       Potion            |       |       |     6 ||     6
Armor: Robe              |    40 |    26 |       ||    66
       Skin              |       |     3 |       ||     3
Dodge: Dodged            |   101 |    73 |     7 ||   181

Table legend: (Time is in decaauts)
 A = Elapsed time spent in this place.
 B = Non-inter-level travel time spent in this place.
 C = Inter-level travel time spent in this place.
 D = Time resting spent in this place.
 E = Time spent auto-exploring this place.
 F = Levels seen in this place.
 G = Mean time per level.
                   A        B        C        D        E       F      G
               +--------+--------+--------+--------+--------+-----+--------+
         Total |   5191 |   4928 |    263 |    416 |   3774 |   4 | 1297.8 |
       Dungeon |   5191 |   4928 |    263 |    416 |   3774 |   4 | 1297.8 |
               +--------+--------+--------+--------+--------+-----+--------+

Top non-repeatable levels by time:
     D:1: 1999 daAuts
     D:3: 1439 daAuts
     D:2: 1423 daAuts
     D:4: 329 daAuts
